 Dungeon Crawl Stone Soup version 0.18.1-48-g4cf74bf (webtiles) character file.

4200 Rocknrolla the Covert (level 10, -4/44 HPs)
             Began as a Spriggan Enchanter on July 6, 2016.
             Was an Initiate of Ashenzari.
             Killed from afar by a catoblepas (12 damage)
             ... with a blast of calcifying dust
             ... on level 8 of the Dungeon on July 7, 2016.
             The game lasted 00:45:07 (9649 turns).

Rocknrolla the Covert (Spriggan Enchanter)          Turns: 9649, Time: 00:45:07

Health: -4/44      AC:  6    Str:  4    XL:     10   Next: 8%
Magic:  20/24      EV: 22    Int: 19    God:    Ashenzari [......]
Gold:   419        SH:  0    Dex: 18    Spells: 4 memorised, 18 levels left

rFire  . . .     SeeInvis +     g - +1 dagger (speed) (curse)
rCold  . . .     Gourm    .     b - +1 robe (curse)
rNeg   . . .     Faith    .     (shield restricted)
rPois  .         Spirit   .     (helmet restricted)
rElec  .         Dismiss  .     v - +2 cloak (curse)
rCorr  .         Reflect  .     (gloves unavailable)
SustAt .         Harm     .     (boots unavailable)
MR     ++...                    (no amulet)
Stlth  +++++++...               k - ring of protection from magic
                                y - ring of stealth

@: very quick, very resistant to hostile enchantments, extremely stealthy
A: unfitting armour, see invisible, herbivore 3, speed 3, slow metabolism 2
a: Curse Item, Renounce Religion


You were on level 8 of the Dungeon.
You worshipped Ashenzari.
Ashenzari was noncommittal.
You were not hungry.

You visited 2 branches of the dungeon, and saw 9 of its levels.

You collected 419 gold pieces.

Inventory:

Hand Weapons
 a - a +1 dagger
 g - a cursed +1 dagger of speed (weapon)
 j - a +0 short sword of electrocution
 x - a +2 dagger of protection
Armour
 b - a cursed +1 robe (worn)
 v - a cursed +2 cloak (worn)
Jewellery
 k - a ring of protection from magic (right hand)
 s - an uncursed ring of sustain attributes
 y - a ring of stealth (left hand)
Wands
 q - a wand of iceblast (7/15)
 u - a wand of polymorph (8/24)
Scrolls
 d - 2 scrolls of amnesia
 n - 3 scrolls of teleportation
 o - a scroll of fear
 w - a scroll of identify
Potions
 h - a potion of resistance
 i - 2 potions of lignification
 l - a potion of magic
 p - 2 potions of flight
 r - 2 potions of curing
Books
 c - a book of Maledictions

   Spells                             Type                      Level
   a - Corona                         Hexes                        1
   b - Ensorcelled Hibernation        Hexes/Ice                    2
   c - Confuse                        Hexes                        3
   d - Tukima's Dance                 Hexes                        3
   e - Dazzling Spray                 Conjuration/Hexes            3
Comestibles
 f - 2 bread rations
 m - 17 fruits


   Skills:
 * Level 6.8 Short Blades
 + Level 6.3 Dodging
 + Level 12.4 Stealth
 + Level 9.0 Spellcasting
 + Level 8.5 Hexes
 - Level 2.0 Ice Magic


You had 18 spell levels left.
You knew the following spells:

 Your Spells              Type           Power        Failure   Level  Hunger
a - Corona                Hex            #####..      1%          1    None
b - Ensorcelled Hibernat  Hex/Ice        ####..       1%          2    None
c - Confuse               Hex            #####...     1%          3    None
d - Dazzling Spray        Conj/Hex       ###...       4%          3    None


Dungeon Overview and Level Annotations

Branches:
Dungeon (8/15)             Temple (1/1) D:6            Lair (0/8) D:8

Altars:
Ashenzari
Cheibriados
Dithmenos
Elyvilon
Fedhas
Gozag
Kikubaaqudgha
Makhleb
Nemelex Xobeh
Okawaru
Pakellas
Qazlal
Ru
Trog
Vehumet
Xom
Yredelemnul
Zin
The Shining One


Innate Abilities, Weirdness & Mutations

You are tiny and cannot use many weapons and most armour.
You have supernaturally acute eyesight.
You are a herbivore.
You cover ground extremely quickly.
You need consume almost no food.


Message History

The orc stops moving altogether!
The catoblepas gores you! The catoblepas barely misses you.
The catoblepas gores you!!
* * * LOW HITPOINT WARNING * * *
The catoblepas gores you.
* * * LOW HITPOINT WARNING * * *
The catoblepas breathes a plume of calcifying dust at you.
The blast of calcifying dust hits you!
You turn to flesh and can move again.
Read which item? (? for menu, Esc to quit)
Okay, then.
The catoblepas breathes a plume of calcifying dust at you.
The blast of calcifying dust hits you!
* * * LOW HITPOINT WARNING * * *
Found a scroll of identify.
Drink which item? (? for menu, Esc to quit)
It was a potion of curing.
You feel better.
The catoblepas breathes a plume of calcifying dust at you.
The blast of calcifying dust hits you!
You die...

....####o............#..
######§..............#..
#....................#..
#...§§...##...###....#..
#..§.....##...# .....##
#§...Y...####... ......
#.....§...# #.#########
#.....§>..# #..
..........@..# #...
.............# #..)
#.............# ....
#......?......#
##########...## #...#
#...# +...# ##..
#...###.


You could see a catoblepas.

Vanquished Creatures
  An elephant (D:8)
  Psyche (D:8)
  The ghost of cutebanana the Skirmisher, an amateur HOFi of Okawaru (D:4)
  Prince Ribbit (D:5)
  Sigmund (D:5)
  A yak (D:8)
  A hungry ghost (D:8)
  A warg (shapeshifter) (D:8)
  A water moccasin (D:7)
  Duvessa (D:4)
  An ice beast (D:8)
  An orc warrior (D:6)
  A sky beast (D:6)
  2 ogres
  2 centaurs (D:6)
  A crocodile (D:8)
  A giant frog (D:6)
  Dowan (D:4)
  6 killer bees (D:8)
  4 howler monkeys
  2 crimson imps
  2 giant frog zombies (D:4)
  2 hounds
  7 orc priests
  A giant frog skeleton (D:6)
  2 iguanas
  3 orc wizards
  8 worker ants
  A sheep (D:8)
  A killer bee zombie (D:8)
  A worker ant zombie (D:6)
  8 gnolls
  7 adders
  A shadow imp (D:7)
  2 oozes
  3 adder zombies (D:4)
  3 adder skeletons
  4 worms
  6 dart slugs
  5 giant geckos
  26 orcs
  12 bats
  5 giant cockroaches
  7 hobgoblins
  9 jackals
  3 quokkas
  2 ball pythons (D:1)
  2 ball python zombies (D:4)
  A giant cockroach zombie (D:4)
  6 giant newts
  8 goblins
  2 jackal zombies (D:4)
  11 kobolds
  3 quokka zombies
  6 rats
202 creatures vanquished.

Notes
Turn   | Place    | Note
--------------------------------------------------------------
     0 | D:1      | Rocknrolla the Spriggan Enchanter began the quest for the Orb.
     0 | D:1      | Reached XP level 1. HP: 9/9 MP: 5/5
   227 | D:1      | Reached XP level 2. HP: 12/13 MP: 7/7
   251 | D:1      | Learned a level 2 spell: Ensorcelled Hibernation
   765 | D:1      | Reached skill level 5 in Stealth
  1070 | D:1      | Reached XP level 3. HP: 8/16 MP: 0/8
  1623 | D:2      | Reached XP level 4. HP: 21/21 MP: 9/9
  2047 | D:2      | Reached skill level 6 in Stealth
  2503 | D:3      | Reached skill level 1 in Ice Magic
  2503 | D:3      | Reached XP level 5. HP: 24/24 MP: 6/11
  3752 | D:4      | Learned a level 3 spell: Confuse
  3756 | D:4      | Learned a level 3 spell: Dazzling Spray
  3997 | D:4      | Reached skill level 7 in Stealth
  3997 | D:4      | Reached XP level 6. HP: 28/28 MP: 3/12
  4255 | D:4      | Noticed Dowan
  4256 | D:4      | Noticed Duvessa
  4500 | D:4      | Noticed cutebanana's ghost (amateur HOFi)
  4527 | D:4      | Killed cutebanana's ghost
  4527 | D:4      | Reached XP level 7. HP: 32/32 MP: 9/14
  4978 | D:4      | Reached skill level 8 in Stealth
  4978 | D:4      | Reached skill level 5 in Hexes
  5170 | D:4      | Reached skill level 5 in Spellcasting
  5225 | D:4      | Killed Duvessa
  5225 | D:4      | Reached skill level 5 in Dodging
  5239 | D:4      | Killed Dowan
  5417 | D:4      | Reached skill level 9 in Stealth
  5480 | D:4      | Reached XP level 8. HP: 36/36 MP: 12/17
  5812 | D:5      | Entered Level 5 of the Dungeon
  5831 | D:5      | Noticed Prince Ribbit
  5972 | D:5      | Killed Prince Ribbit
  6317 | D:5      | Found a blossoming altar of Fedhas.
  6328 | D:5      | Noticed Sigmund
  6369 | D:5      | Killed Sigmund
  6602 | D:6      | Reached skill level 5 in Short Blades
  6602 | D:6      | Reached skill level 10 in Stealth
  6792 | D:6      | Found a staircase to the Ecumenical Temple.
  6812 | Temple   | Entered the Ecumenical Temple
  6927 | Temple   | Became a worshipper of Ashenzari the Shackled
  7176 | D:6      | Found a sacrificial altar of Ru.
  7760 | D:6      | Reached XP level 9. HP: 31/39 MP: 9/20
  7762 | D:6      | Reached skill level 11 in Stealth
  8732 | D:8      | Found an iron altar of Okawaru.
  8933 | D:8      | Noticed a catoblepas
  9042 | D:8      | Noticed a salamander
  9217 | D:8      | Found a staircase to the Lair.
  9217 | D:8      | Noticed an elephant
  9278 | D:8      | Killed an elephant
  9278 | D:8      | Reached skill level 12 in Stealth
  9313 | D:8      | Noticed Psyche
  9320 | D:8      | Killed Psyche
  9353 | D:8      | Reached XP level 10. HP: 44/44 MP: 18/23
  9643 | D:8      | HP: 2/44 [catoblepas/blast of calcifying dust (2)]
  9649 | D:8      | Killed from afar by a catoblepas

Skill      XL: |  1  2  3  4  5  6  7  8  9 10 |
---------------+-------------------------------+-----
Spellcasting   | 3 4 5 6 8 9 |  9.0
Hexes          | 4 5 6 8 |  8.5
Stealth        | 5 6 7 9 10 12 | 12.4
Short Blades   | 2 3 4 5 6 |  6.8
Dodging        | 4 5 6 |  6.3
Ice Magic      | 1 2 |  2.0

Action                   |  1- 3 |  4- 6 |  7- 9 | 10-12 || total
-------------------------+-------+-------+-------+-------++-------
Melee: Dagger            |   105 |   237 |   174 |    15 ||   531
 Cast: Ensorcelled Hiber |     6 |    53 |    91 |    15 ||   165
       Confuse           |       |     6 |    31 |     2 ||    39
       Dazzling Spray    |       |       |     2 |       ||     2
Invok: Curse Item        |       |       |     3 |       ||     3
  Use: Scroll            |       |    10 |     4 |       ||    14
       Potion            |       |     2 |       |     1 ||     3
 Stab: Sleeping          |    15 |    48 |    67 |    10 ||   140
       Distracted        |     1 |     1 |     3 |       ||     5
       Confused          |       |     5 |    17 |       ||    22
       Petrified         |       |       |       |     1 ||     1
  Eat: Bread ration      |       |     1 |     1 |       ||     2
Armor: Robe              |     9 |    29 |    22 |     1 ||    61
Dodge: Dodged            |    74 |   172 |   108 |    10 ||   364
